Workbook

Sheet Información
A1: INFORMACIÓN GENERAL
A2: Proceso Licitatorio | B2: SAMC-SI-014-2020
A3: Objeto | B3: REHABILITACION MEDIANTE BACHEO DE LA RED VIAL PAVIMENTADA DEL DEPARTAMENTO DE CALDAS - SUBREGIONES MAGDALENA Y ORIENTE
A4: Presupuesto oficial | B4: 275129451
A5: Plazo (meses) | B5: 2.5
A6: Apertura del proceso | B6: 44056
A7: Cierre del Proceso | B7: 44064
A9: REQUISITOS FINANCIEROS HABILITANTES
A10: Liquidez Activo corriente/Pasivo Corriente ≥ 1.0 | B10: 1
A11: Nivel de endeudamiento Pasivo Total/Activo Total ≤ 0.7 | B11: 0.7
A12: Razón cobertura de intereses Utilidad operacional/gastos de intereses ≥ 1.0 | B12: 1
A13: Capital de trabajo CT = AC - PC ≥ 10% PO | B13: =ROUNDUP(B4*0.1,0) -> 27512946
A15: REQUISITOS ORGANIZACIONALES HABILITANTES
A16: Rentabilidad del patrimonio (ROE) Utilidad operacional/Patrimonio ≥ 0% | B16: 0
A17: Rentabilidad del activo (ROA) Utilidad operacional/Activo total ≥ 0% | B17: 0
A19: CRITERIOS DE COMPARACION Y CALIFICACIÓN DE LAS PROPUESTAS
A20: Presupuesto Oficial SMMLV | B20: =+B4/877803 -> 313.42961

Sheet Cierre
A1: No. | B1: PROPONENTE | C1: REPRESENTANTE LEGAL | D1: CONFORMACION CONSORCIO | E1: % | G1: Abogados | H1: Financieros | I1: Técnicos
A2: 1 | B2: JAVIER DE JESUS GARCÍA PAREJA | C2: JAVIER DE JESUS GARCÍA PAREJA | D2: N/A | E2: 1
A3: 2 | B3: MAURICIO ANTONIO CORTES REINA | C3: MAURICIO ANTONIO CORTES REINA | D3: N/A | E3: 1
A4: 3 | B4: GERMAN GÓMEZ GONZÁLEZ | C4: GERMAN GÓMEZ GONZÁLEZ | D4: N/A | E4: 1
A5: 4 | B5: MARIA RUBY GALVEZ MUÑOZ | C5: MARIA RUBY GALVEZ MUÑOZ | D5: N/A | E5: 1
A6: 5 | B6: JEMAG INGENIERÍA SAS | C6: LUZ MARY CASTAÑO GONZALEZ | D6: N/A | E6: 1
A7: 6 | B7: HERNAN ROPERO ALZATE | C7: HERNAN ROPERO ALZATE | D7: N/A | E7: 1
A8: 7 | B8: ANDREA ISABEL CAMELO VASQUEZ | C8: ANDREA ISABEL CAMELO VASQUEZ | D8: N/A | E8: 1

Sheet Capacidad Juridica
A1: No. | B1: PROPONENTE | C1: CARTA PRESENTACIÓN | I1: CONFORMACIÓN CONSORCIAL | N1: CERTIFICADO DE EXISTENCIA Y REPRESENTACIÓN LEGAL | V1: CERTIFICADO DE INSCRIPCIÓN EN EL REGISTRO UNICO DE PROPONENTES (RUP) | AA1: GARANTIA DE SERIEDAD DE LA OFERTA | AF1: OTROS DOCUMENTOS | AP1: HABIL / NO HABIL / SUBSANAR | AQ1: OBSERVACIONES
C2: PRESENTA | D2: REPRESENTANTE LEGAL | E2: INGENIERO QUE AVALA LA PROPUESTA (Nombre) Si es el mismo representante legal, repetir nombre | F2: MATRICULA PROFESIONAL (No. de la Tarjeta) | G2: CERTIFICADO (Presenta/no presenta) | H2: VIGENCIA CERTIFICADO (Fecha Expedición) | I2: PRESENTA (SI/NO) | J2: TIPO (C/UT/I) | K2: DURACION (CUMPLE / NO CUMPLE) | L2: NOMBRE | M2: % PARTICIPACIÓN | N2: PRESENTA (SI/NO) | O2: FECHA DE EXPEDICIÓN | P2: DOMICILIO (Ciudad) | Q2: OBJETO SOCIAL | R2: DURACIÓN DE LA SOCIEDAD | S2: REPRESENTANTE LEGAL | T2: LIMITACIONES AL REPRESENTANTE LEGAL | U2: AUTORIZACIÓN DEL ORGANO SOCIAL | V2: PRESENTA (SI/NO) | W2: FECHA DE EXPEDICIÓN (dd/mm/aaaa) | X2: SANCIONES CONSIGNADAS EN EL RUP | Y2: RENOVADO | Z2: FIRMEZA RUP | AA2: FORMATO A FAVOR DE ENTIDADES ESTATALES | AB2: TOMADOR | AC2: VIGENCIA (HASTA) (DD/MM/AAAA) | AD2: VALOR ($) | AE2: BENEFICIARIO GOBERNACIÓN | AF2: CERTIFICADO DE ANTECEDENTES FISCALES DE LA CONTRALORIA GENERAL DE LA REPUBLICA | AG2: CERTIFICADO DE ANTECEDENTES DISCIPLINARIOS DE LA PROCURADURIA GENERAL DE LA NACION | AH2: CERTIFICADO DE ANTECEDENTES JUDICIALES | AI2: CERTIFICACIÓN DE PAGOS DE SEGURIDAD SOCIAL Y APORTES PARAFISCALES | AJ2: PACTO DE TRASPARENCIA | AK2: CEDULA PROPONENTE | AL2: TARJETA PROFESIONAL | AM2: COPNIA | AN2: COPIA TARJETA PROFESIONAL CONTADOR O REVISOR FISCAL | AO2: ANTECEDENTES DISCIPLINARIOS JCC
A3: 1 | B3: =VLOOKUP($A3,Cierre!$A:$E,2,FALSE) -> JAVIER DE JESUS GARCÍA PAREJA | C3: PRESENTA | D3: =VLOOKUP($A3,Cierre!$A:$E,3,FALSE) -> JAVIER DE JESUS GARCÍA PAREJA | E3: JAVIER DE JESUS GARCIA PAREJA | F3: PRESENTA | G3: PRESENTA | H3: 43893 | I3: N/A | J3: I | K3: N/A | L3: N/A | M3: 1 | N3: NO | O3: N/A | P3: N/A | Q3: N/A | R3: N/A | S3: N/A | T3: N/A | U3: N/A | V3: SI | W3: 44063 | X3: NO PRESENTA | Y3: CUMPLE | Z3: CUMPLE | AA3: CUMPLE | AB3: JAVIER DE JESUS CARCIA PEREJA | AC3: CUMPLE | AD3: 27520000 | AE3: CUMPLE | AF3: CONSULTADOS ENTIDAD | AG3: CUMPLE | AH3: CUMPLE | AI3: CUMPLE | AJ3: CUMPLE | AK3: CUMPLE | AL3: CUMPLE | AM3: CUMPLE | AN3: CUMPLE | AO3: CUMPLE | AP3: HÁBIL
A4: 2 | B4: =VLOOKUP($A4,Cierre!$A:$E,2,FALSE) -> MAURICIO ANTONIO CORTES REINA | C4: PRESENTA | D4: =VLOOKUP($A4,Cierre!$A:$E,3,FALSE) -> MAURICIO ANTONIO CORTES REINA | E4: MAURICIO ANTONIO CORTES REINA | F4: PRESENTA | G4: PRESENTA | H4: 43962 | I4: N/A | J4: I | K4: N/A | L4: N/A | M4: 1 | N4: NO | O4: N/A | P4: N/A | Q4: N/A | R4: N/A | S4: N/A | T4: N/A | U4: N/A | V4: SI | W4: 44047 | X4: NO PRESENTA | Y4: CUMPLE | Z4: CUMPLE | AA4: CUMPLE | AB4: MAURICIO ANTONIO CARTES REINA | AC4: CUMPLE | AD4: 27512945 | AE4: CUMPLE | AF4: CONSULTADOS ENTIDAD | AG4: NO CUMPLE | AH4: NO CUMPLE | AI4: NO CUMPLE | AJ4: NO CUMPLE | AK4: CUMPLE | AL4: CUMPLE | AM4: CUMPLE | AN4: CUMPLE | AO4: CUMPLE | AP4: NO HÁBIL | AQ4: LA CERTIFICACION DE AFILIACIN DE SURA DEBE CONTAR CON UNA FECHA DE EXPEDICIÓN NO MAYOR A 30 DIAS CALENDARIO, COMO LO INDICA LOS PIEGLOS DE CONDICIONES EN SU NUMERAL 3,4,2, DE IGUAL FORMA DEBERA APORTAR EL FORMATO DE PACTA DE TRANSPARENCIA DEBIDAMENTE SUSCRITO POR PARTICIPANTEN, POR ULTIMO DEBERA PRESENTAR CERTIFICADO DE ANTECEDENTES DISCIPLINARIOS DE PROCURADURIA Y ANTECEDENTES JUDICIALES Y MEDICADAS CORRECTIVAS ( POLICIA NACIONA).
A5: 3 | B5: =VLOOKUP($A5,Cierre!$A:$E,2,FALSE) -> GERMAN GÓMEZ GONZÁLEZ | C5: PRESENTA | D5: =VLOOKUP($A5,Cierre!$A:$E,3,FALSE) -> GERMAN GÓMEZ GONZÁLEZ | E5: GERMAN GÓMEZ GONZÁLES | F5: NO PRESENTA | G5: PRESENTA | H5: N/A | I5: N/A | J5: I | K5: N/A | L5: N/A | M5: 1 | N5: NO | O5: N/A | P5: N/A | Q5: N/A | R5: N/A | S5: N/A | T5: N/A | U5: N/A | V5: SI | W5: 43966 | X5: N/A | Y5: N/A | Z5: N/A | AA5: CUMPLE | AB5: GERMAN GOMEZ GONZALEZ | AC5: CUMPLE | AD5: 27515000 | AE5: CUMPLE | AF5: CONSULTADOS ENTIDAD | AG5: CONSULTADOS ENTIDAD | AH5: CONSULTADOS ENTIDAD | AI5: CUMPLE | AJ5: CUMPLE | AK5: CUMPLE | AL5: CUMPLE | AM5: CUMPLE | AN5: CUMPLE | AO5: CUMPLE | AP5: HÁBIL
A6: 4 | B6: =VLOOKUP($A6,Cierre!$A:$E,2,FALSE) -> MARIA RUBY GALVEZ MUÑOZ | C6: PRESENTA | D6: =VLOOKUP($A6,Cierre!$A:$E,3,FALSE) -> MARIA RUBY GALVEZ MUÑOZ | E6: MARIO RUBY GALVEZ MUÑOZ | F6: PRESENTA | G6: PRESENTA | H6: 43985 | I6: N/A | J6: I | K6: N/A | L6: N/A | M6: 1 | N6: NO | O6: N/A | P6: N/A | Q6: N/A | R6: N/A | S6: N/A | T6: N/A | U6: N/A | V6: SI | W6: 44063 | X6: NO PRESENTA | Y6: CUMPLE | Z6: CUMPLE | AA6: CUMPLE | AB6: MARIA RUBY GALVEZ MUÑOZ | AC6: CUMPLE | AD6: 27512945 | AE6: CUMPLE | AF6: CUMPLE | AG6: CUMPLE | AH6: CONSULTADOS ENTIDAD | AI6: CUMPLE | AJ6: CUMPLE | AK6: CUMPLE | AL6: CUMPLE | AM6: CUMPLE | AN6: CUMPLE | AO6: CUMPLE | AP6: HÁBIL
A7: 5 | B7: =VLOOKUP($A7,Cierre!$A:$E,2,FALSE) -> JEMAG INGENIERÍA SAS | C7: PRESENTA | D7: =VLOOKUP($A7,Cierre!$A:$E,3,FALSE) -> LUZ MARY CASTAÑO GONZALEZ | E7: JORGE IVAN CARDONA DIAZ | F7: PRESENTA | G7: PRESENTA | H7: 43994 | I7: N/A | J7: I | K7: N/A | L7: N/A | M7: 1 | N7: SI | O7: 44043 | P7: MANIZALES | Q7: CUMPLE | R7: CUMPLE | S7: LUZ MARY CASTAÑO GONZALES | T7: CUMPLE | U7: NO PRESENTA | V7: SI | W7: 310/7/2020 | X7: NO PRESENTA | Y7: CUMPLE | Z7: CUMPLE | AA7: CUMPLE | AB7: JEMAG INGENIERIA S.A.S. | AC7: CUMPLE | AD7: 27512945 | AE7: CUMPLE | AF7: CUMPLE | AG7: CUMPLE | AH7: CUMPLE | AI7: CUMPLE | AJ7: CUMPLE | AK7: CUMPLE | AL7: CUMPLE | AM7: CUMPLE | AN7: CUMPLE | AO7: CUMPLE | AP7: HÁBIL
A8: 6 | B8: =VLOOKUP($A8,Cierre!$A:$E,2,FALSE) -> HERNAN ROPERO ALZATE | C8: PRESENTA | D8: =VLOOKUP($A8,Cierre!$A:$E,3,FALSE) -> HERNAN ROPERO ALZATE | E8: HERNAN ROPERO ALZATE | F8: PRESENTA | G8: PRESENTA | H8: 43964 | I8: N/A | J8: I | K8: N/A | L8: N/A | M8: 1 | N8: NO | O8: N/A | P8: N/A | Q8: N/A | R8: N/A | S8: N/A | T8: N/A | U8: N/A | V8: SI | W8: 44062 | X8: NO PRESENTA | Y8: CUMPLE | Z8: CUMPLE | AA8: CUMPLE | AB8: HERNAN ROPERO ALZATE | AC8: CUMPLE | AD8: 27512945 | AE8: CUMPLE | AF8: CUMPLE | AG8: CUMPLE | AH8: CUMPLE | AI8: CUMPLE | AJ8: CUMPLE | AK8: CUMPLE | AL8: CUMPLE | AM8: CUMPLE | AN8: CUMPLE | AO8: CUMPLE | AP8: HÁBIL
A9: 7 | B9: =VLOOKUP($A9,Cierre!$A:$E,2,FALSE) -> ANDREA ISABEL CAMELO VASQUEZ | C9: PRESENTA | D9: =VLOOKUP($A9,Cierre!$A:$E,3,FALSE) -> ANDREA ISABEL CAMELO VASQUEZ | E9: ANDREA ISABEL CAMELO VASQUEZ | F9: PRESENTA | G9: PRESENTA | H9: 44025 | I9: N/A | J9: I | K9: N/A | L9: N/A | M9: 1 | N9: NO | O9: N/A | P9: N/A | Q9: N/A | R9: N/A | S9: N/A | T9: N/A | U9: N/A | V9: SI | W9: 44028 | X9: NO PRESENTA | Y9: CUMPLE | Z9: CUMPLE | AA9: CUMPLE | AB9: ANDREA ISABEL CARMELO VASQUEZ | AC9: CUMPLE | AD9: 27512945 | AE9: CUMPLE | AF9: CUMPLE | AG9: CUMPLE | AH9: CUMPLE | AI9: CUMPLE | AJ9: CUMPLE | AK9: CUMPLE | AL9: CUMPLE | AM9: CUMPLE | AN9: CUMPLE | AO9: CUMPLE | AP9: HÁBIL

Sheet Capacidad Financiera
A1: No. | B1: Proponente | C1: Conformación consorcial | D1: % participación | E1: Informacion Financiera | K1: CAPACIDAD FINANCIERA | N1: =+Información!B4 -> 275129451 | P1: CAPACIDAD ORGANIZACIONAL | R1: CAPACIDAD FINANCIERA | S1: CAPACIDAD ORGANIZACIONAL | T1: CAPACIDAD RESIDUAL DE CONTRATACIÓN | U1: Observaciones
E2: Activo Corriente | F2: Activo Total | G2: Pasivo Corriente | H2: Pasivo Total | I2: Utilidad operacional | J2: Gastos de intereses | K2: CAPITAL DE TRABAJO | L2: LIQUIDEZ | M2: NIVEL DE ENDEUDAMIENTO | N2: RAZON DE COBERTURA DE INTERESES | O2: PATRIMONIO | P2: RENTABILIDAD SOBRE PATRIMONIO | Q2: RENTABILIDAD SOBRE ACTIVOS
A3: 1 | B3: =VLOOKUP($A3,Cierre!$A:$E,2,FALSE) -> JAVIER DE JESUS GARCÍA PAREJA | C3: N/A | D3: 1 | E3: 2908573395 | F3: 3995514834 | G3: 478961648 | H3: 1093469174 | I3: 294268805 | J3: 1635305 | K3: =E3-G3 -> 2429611747 | L3: =IFERROR((E3)/(G3),0) -> 6.0726645 | M3: =IFERROR((H3)/(F3),0) -> 0.27367416 | N3: =IFERROR((I3)/(J3),0) -> 179.94735 | O3: =F3-H3 -> 2902045660 | P3: =IFERROR((I3)/(O3),0) -> 0.10140047 | Q3: =IFERROR((I3)/(F3),0) -> 0.073649784 | R3: HÁBIL | S3: HÁBIL | T3: HÁBIL
A4: 2 | B4: =VLOOKUP($A4,Cierre!$A:$E,2,FALSE) -> MAURICIO ANTONIO CORTES REINA | C4: N/A | D4: 1 | E4: 457450000 | F4: 1076689000 | G4: 97930000 | H4: 109825000 | I4: 216209000 | J4: 0 | K4: =E4-G4 -> 359520000 | L4: =IFERROR((E4)/(G4),0) -> 4.6711937 | M4: =IFERROR((H4)/(F4),0) -> 0.10200253 | N4: =IFERROR((I4)/(J4),0) -> 0 | O4: =F4-H4 -> 966864000 | P4: =IFERROR((I4)/(O4),0) -> 0.22361883 | Q4: =IFERROR((I4)/(F4),0) -> 0.20080915 | R4: HÁBIL | S4: HÁBIL | T4: HÁBIL
A5: 3 | B5: =VLOOKUP($A5,Cierre!$A:$E,2,FALSE) -> GERMAN GÓMEZ GONZÁLEZ | C5: N/A | D5: 1 | E5: 269642000 | F5: 376599000 | G5: 2310000 | H5: 2310000 | I5: 115819000 | J5: 0 | K5: =E5-G5 -> 267332000 | L5: =IFERROR((E5)/(G5),0) -> 116.72814 | M5: =IFERROR((H5)/(F5),0) -> 0.0061338453 | N5: =IFERROR((I5)/(J5),0) -> 0 | O5: =F5-H5 -> 374289000 | P5: =IFERROR((I5)/(O5),0) -> 0.30943736 | Q5: =IFERROR((I5)/(F5),0) -> 0.30753932 | R5: HÁBIL | S5: HÁBIL | T5: HÁBIL
A6: 4 | B6: =VLOOKUP($A6,Cierre!$A:$E,2,FALSE) -> MARIA RUBY GALVEZ MUÑOZ | C6: N/A | D6: 1 | E6: 354950000 | F6: 631438000 | G6: 3800000 | H6: 3800000 | I6: 128135000 | J6: 0 | K6: =E6-G6 -> 351150000 | L6: =IFERROR((E6)/(G6),0) -> 93.407895 | M6: =IFERROR((H6)/(F6),0) -> 0.0060180097 | N6: =IFERROR((I6)/(J6),0) -> 0 | O6: =F6-H6 -> 627638000 | P6: =IFERROR((I6)/(O6),0) -> 0.20415431 | Q6: =IFERROR((I6)/(F6),0) -> 0.2029257 | R6: HÁBIL | S6: HÁBIL | T6: HÁBIL
A7: 5 | B7: =VLOOKUP($A7,Cierre!$A:$E,2,FALSE) -> JEMAG INGENIERÍA SAS | C7: N/A | D7: 1 | E7: 1595224000 | F7: 1830307000 | G7: 154801000 | H7: 836400000 | I7: 574141000 | J7: 9803000 | K7: =E7-G7 -> 1440423000 | L7: =IFERROR((E7)/(G7),0) -> 10.304998 | M7: =IFERROR((H7)/(F7),0) -> 0.45697252 | N7: =IFERROR((I7)/(J7),0) -> 58.567887 | O7: =F7-H7 -> 993907000 | P7: =IFERROR((I7)/(O7),0) -> 0.57766069 | Q7: =IFERROR((I7)/(F7),0) -> 0.31368563 | R7: HÁBIL | S7: HÁBIL | T7: HÁBIL
A8: 6 | B8: =VLOOKUP($A8,Cierre!$A:$E,2,FALSE) -> HERNAN ROPERO ALZATE | C8: N/A | D8: 1 | E8: 514977000 | F8: 622977000 | G8: 5316000 | H8: 26531000 | I8: 137719000 | J8: 0 | K8: =E8-G8 -> 509661000 | L8: =IFERROR((E8)/(G8),0) -> 96.873025 | M8: =IFERROR((H8)/(F8),0) -> 0.042587447 | N8: =IFERROR((I8)/(J8),0) -> 0 | O8: =F8-H8 -> 596446000 | P8: =IFERROR((I8)/(O8),0) -> 0.23089936 | Q8: =IFERROR((I8)/(F8),0) -> 0.22106595 | R8: HÁBIL | S8: HÁBIL | T8: HÁBIL
A9: 7 | B9: =VLOOKUP($A9,Cierre!$A:$E,2,FALSE) -> ANDREA ISABEL CAMELO VASQUEZ | C9: N/A | D9: 1 | E9: 286539560 | F9: 456789560 | G9: 13830383 | H9: 13830383 | I9: 74652903 | J9: 21100 | K9: =E9-G9 -> 272709177 | L9: =IFERROR((E9)/(G9),0) -> 20.718122 | M9: =IFERROR((H9)/(F9),0) -> 0.030277362 | N9: =IFERROR((I9)/(J9),0) -> 3538.0523 | O9: =F9-H9 -> 442959177 | P9: =IFERROR((I9)/(O9),0) -> 0.16853224 | Q9: =IFERROR((I9)/(F9),0) -> 0.16342953 | R9: HÁBIL | S9: HÁBIL | T9: HÁBIL

Sheet Experiencia
A1: No. | B1: PROPONENTE | C1: NOMBRE | D1: CONTRATANTE | E1: CONTRATO No. | F1: I, C, UT | G1: % (1) | H1: INICIACIÓN (DD/MM/AA) | I1: TERMINACIÓN (DD/MM/AA) | J1: SUSPENSIÓN (MESES) | K1: PLAZO DE EJECUCIÓN (MESES) (2) | L1: VALOR TOTAL DEL CONTRATO INCLUIDAS SUS ADICIONES, AJUSTES Y EL IVA (3) | M1: VALOR TOTAL DEL CONTRATO A CONSIDERAR COMO EXPERIENCIA (4) = (3)*(1) | N1: VALOR FACTURADO ACTUALIZADO SMMLV (VFA) | O1: PORCENTAJE MÍNIMO DE EXPERIENCIA | Q1: Suspensión 1 | S1: Suspensión 2 | U1: Suspensión 3 | W1: Suspensión 4 | Y1: Suspensión 5 | AA1: Suspensión 6
A2: 1 | B2: =IF($A2="","",VLOOKUP($A2,Cierre!$A:$E,2,FALSE)) -> JAVIER DE JESUS GARCÍA PAREJA | C2: JAVIER DE JESUS GARCÍA PAREJA | D2: GOBERNACION DE CALDAS | E2: 076-2001 | F2: I | G2: 1 | H2: 37223 | I2: 37297 | J2: =AC2+AD2+AE2+AF2+AG2+AH2 -> 0 | K2: =IF(H2="",0,ROUND(((((I2-H2)+1)/360)*12)-J2,3)) -> 2.5 | L2: 102418209 | M2: =ROUND(L2*G2,3) -> 102418209 | N2: =IF(I2="","",ROUND(M2/VLOOKUP(YEAR(I2),SMMLV!$A$2:$B$42,2,FALSE),3)) -> 331.451 | O2: =IFERROR(N2/Información!$B$20,"") -> 1.0574974 | AC2: =IF(Q2="",0,ROUND((((R2-Q2)+1)/30),3)) -> 0 | AD2: =IF(S2="",0,ROUND((((T2-S2)+1)/30),3)) -> 0 | AE2: =IF(U2="",0,ROUND((((V2-U2)+1)/30),3)) -> 0 | AF2: =IF(W2="",0,ROUND((((X2-W2)+1)/30),3)) -> 0 | AG2: =IF(Y2="",0,ROUND((((Z2-Y2)+1)/30),3)) -> 0 | AH2: =IF(AA2="",0,ROUND((((AB2-AA2)+1)/30),3)) -> 0
A3: 1 | B3: =IF($A3="","",VLOOKUP($A3,Cierre!$A:$E,2,FALSE)) -> JAVIER DE JESUS GARCÍA PAREJA | C3: JAVIER DE JESUS GARCÍA PAREJA | D3: GOBERNACION DE CALDAS | E3: 052-2004 | F3: I | G3: 1 | H3: 38335 | I3: 38454 | J3: =AC3+AD3+AE3+AF3+AG3+AH3 -> 0 | K3: =IF(H3="",0,ROUND(((((I3-H3)+1)/360)*12)-J3,3)) -> 4 | L3: 180750460 | M3: =ROUND(L3*G3,3) -> 180750460 | N3: =IF(I3="","",ROUND(M3/VLOOKUP(YEAR(I3),SMMLV!$A$2:$B$42,2,FALSE),3)) -> 473.789 | O3: =IFERROR(N3/Información!$B$20,"") -> 1.5116281 | AC3: =IF(Q3="",0,ROUND((((R3-Q3)+1)/30),3)) -> 0 | AD3: =IF(S3="",0,ROUND((((T3-S3)+1)/30),3)) -> 0 | AE3: =IF(U3="",0,ROUND((((V3-U3)+1)/30),3)) -> 0 | AF3: =IF(W3="",0,ROUND((((X3-W3)+1)/30),3)) -> 0 | AG3: =IF(Y3="",0,ROUND((((Z3-Y3)+1)/30),3)) -> 0 | AH3: =IF(AA3="",0,ROUND((((AB3-AA3)+1)/30),3)) -> 0
A4: 2 | B4: =IF($A4="","",VLOOKUP($A4,Cierre!$A:$E,2,FALSE)) -> MAURICIO ANTONIO CORTES REINA | C4: MAURICIO ANTONIO CORTES REINA | D4: ALCALDIA DE MANIZALES | E4: 1905240436 | F4: C | G4: 0.6 | H4: 43643 | I4: 43830 | J4: =AC4+AD4+AE4+AF4+AG4+AH4 -> 0 | K4: =IF(H4="",0,ROUND(((((I4-H4)+1)/360)*12)-J4,3)) -> 6.267 | L4: 3185881750 | M4: =ROUND(L4*G4,3) -> 1911529050 | N4: =IF(I4="","",ROUND(M4/VLOOKUP(YEAR(I4),SMMLV!$A$2:$B$42,2,FALSE),3)) -> 2308.287 | O4: =IFERROR(N4/Información!$B$20,"") -> 7.3646105 | AC4: =IF(Q4="",0,ROUND((((R4-Q4)+1)/30),3)) -> 0 | AD4: =IF(S4="",0,ROUND((((T4-S4)+1)/30),3)) -> 0 | AE4: =IF(U4="",0,ROUND((((V4-U4)+1)/30),3)) -> 0 | AF4: =IF(W4="",0,ROUND((((X4-W4)+1)/30),3)) -> 0 | AG4: =IF(Y4="",0,ROUND((((Z4-Y4)+1)/30),3)) -> 0 | AH4: =IF(AA4="",0,ROUND((((AB4-AA4)+1)/30),3)) -> 0
A5: 2 | B5: =IF($A5="","",VLOOKUP($A5,Cierre!$A:$E,2,FALSE)) -> MAURICIO ANTONIO CORTES REINA | C5: MAURICIO ANTONIO CORTES REINA | D5: INFICALDAS | E5: PV-08-2017 | F5: C | G5: 0.25 | H5: 42975 | I5: 43585 | J5: =AC5+AD5+AE5+AF5+AG5+AH5 -> 0 | K5: =IF(H5="",0,ROUND(((((I5-H5)+1)/360)*12)-J5,3)) -> 20.367 | L5: 5959722130 | M5: =ROUND(L5*G5,3) -> 1.4899305e+09 | N5: =IF(I5="","",ROUND(M5/VLOOKUP(YEAR(I5),SMMLV!$A$2:$B$42,2,FALSE),3)) -> 1799.181 | O5: =IFERROR(N5/Información!$B$20,"") -> 5.7403032 | AC5: =IF(Q5="",0,ROUND((((R5-Q5)+1)/30),3)) -> 0 | AD5: =IF(S5="",0,ROUND((((T5-S5)+1)/30),3)) -> 0 | AE5: =IF(U5="",0,ROUND((((V5-U5)+1)/30),3)) -> 0 | AF5: =IF(W5="",0,ROUND((((X5-W5)+1)/30),3)) -> 0 | AG5: =IF(Y5="",0,ROUND((((Z5-Y5)+1)/30),3)) -> 0 | AH5: =IF(AA5="",0,ROUND((((AB5-AA5)+1)/30),3)) -> 0
A6: 3 | B6: =IF($A6="","",VLOOKUP($A6,Cierre!$A:$E,2,FALSE)) -> GERMAN GÓMEZ GONZÁLEZ | C6: GERMAN GÓMEZ GONZÁLEZ | D6: ALCALDIA DE MANIZALES | E6: 980702250 | F6: I | G6: 1 | H6: 35989 | I6: 36048 | J6: =AC6+AD6+AE6+AF6+AG6+AH6 -> 0 | K6: =IF(H6="",0,ROUND(((((I6-H6)+1)/360)*12)-J6,3)) -> 2 | L6: 334841264 | M6: =ROUND(L6*G6,3) -> 334841264 | N6: =IF(I6="","",ROUND(M6/VLOOKUP(YEAR(I6),SMMLV!$A$2:$B$42,2,FALSE),3)) -> 1642.78 | O6: =IFERROR(N6/Información!$B$20,"") -> 5.2413044 | AC6: =IF(Q6="",0,ROUND((((R6-Q6)+1)/30),3)) -> 0 | AD6: =IF(S6="",0,ROUND((((T6-S6)+1)/30),3)) -> 0 | AE6: =IF(U6="",0,ROUND((((V6-U6)+1)/30),3)) -> 0 | AF6: =IF(W6="",0,ROUND((((X6-W6)+1)/30),3)) -> 0 | AG6: =IF(Y6="",0,ROUND((((Z6-Y6)+1)/30),3)) -> 0 | AH6: =IF(AA6="",0,ROUND((((AB6-AA6)+1)/30),3)) -> 0
A7: 3 | B7: =IF($A7="","",VLOOKUP($A7,Cierre!$A:$E,2,FALSE)) -> GERMAN GÓMEZ GONZÁLEZ | C7: GERMAN GÓMEZ GONZÁLEZ | D7: ALCALDIA DE MANIZALES | E7: 184-2006 | F7: I | G7: 1 | H7: 39028 | I7: 39118 | J7: =AC7+AD7+AE7+AF7+AG7+AH7 -> 0 | K7: =IF(H7="",0,ROUND(((((I7-H7)+1)/360)*12)-J7,3)) -> 3.033 | L7: 183658396 | M7: =ROUND(L7*G7,3) -> 183658396 | N7: =IF(I7="","",ROUND(M7/VLOOKUP(YEAR(I7),SMMLV!$A$2:$B$42,2,FALSE),3)) -> 423.469 | O7: =IFERROR(N7/Información!$B$20,"") -> 1.3510817 | AC7: =IF(Q7="",0,ROUND((((R7-Q7)+1)/30),3)) -> 0 | AD7: =IF(S7="",0,ROUND((((T7-S7)+1)/30),3)) -> 0 | AE7: =IF(U7="",0,ROUND((((V7-U7)+1)/30),3)) -> 0 | AF7: =IF(W7="",0,ROUND((((X7-W7)+1)/30),3)) -> 0 | AG7: =IF(Y7="",0,ROUND((((Z7-Y7)+1)/30),3)) -> 0 | AH7: =IF(AA7="",0,ROUND((((AB7-AA7)+1)/30),3)) -> 0
A8: 4 | B8: =IF($A8="","",VLOOKUP($A8,Cierre!$A:$E,2,FALSE)) -> MARIA RUBY GALVEZ MUÑOZ | C8: MARIA RUBY GALVEZ MUÑOZ | D8: ALCALDIA DE MANIZALES | E8: 1710260648 | F8: I | G8: 1 | H8: 43040 | I8: 43098 | J8: =AC8+AD8+AE8+AF8+AG8+AH8 -> 0 | K8: =IF(H8="",0,ROUND(((((I8-H8)+1)/360)*12)-J8,3)) -> 1.967 | L8: 479011334 | M8: =ROUND(L8*G8,3) -> 479011334 | N8: =IF(I8="","",ROUND(M8/VLOOKUP(YEAR(I8),SMMLV!$A$2:$B$42,2,FALSE),3)) -> 649.316 | O8: =IFERROR(N8/Información!$B$20,"") -> 2.0716486 | AC8: =IF(Q8="",0,ROUND((((R8-Q8)+1)/30),3)) -> 0 | AD8: =IF(S8="",0,ROUND((((T8-S8)+1)/30),3)) -> 0 | AE8: =IF(U8="",0,ROUND((((V8-U8)+1)/30),3)) -> 0 | AF8: =IF(W8="",0,ROUND((((X8-W8)+1)/30),3)) -> 0 | AG8: =IF(Y8="",0,ROUND((((Z8-Y8)+1)/30),3)) -> 0 | AH8: =IF(AA8="",0,ROUND((((AB8-AA8)+1)/30),3)) -> 0
A9: 5 | B9: =IF($A9="","",VLOOKUP($A9,Cierre!$A:$E,2,FALSE)) -> JEMAG INGENIERÍA SAS | C9: LUZ MARY CASTAÑO GONZALEZ | D9: ALCALDIA DE MANZANARES | E9: LP 001-2018 | F9: C | G9: 0.5 | H9: 43355 | I9: 43477 | J9: =AC9+AD9+AE9+AF9+AG9+AH9 -> 0 | K9: =IF(H9="",0,ROUND(((((I9-H9)+1)/360)*12)-J9,3)) -> 4.1 | L9: 982998414 | M9: =ROUND(L9*G9,3) -> 491499207 | N9: =IF(I9="","",ROUND(M9/VLOOKUP(YEAR(I9),SMMLV!$A$2:$B$42,2,FALSE),3)) -> 593.515 | O9: =IFERROR(N9/Información!$B$20,"") -> 1.893615 | AC9: =IF(Q9="",0,ROUND((((R9-Q9)+1)/30),3)) -> 0 | AD9: =IF(S9="",0,ROUND((((T9-S9)+1)/30),3)) -> 0 | AE9: =IF(U9="",0,ROUND((((V9-U9)+1)/30),3)) -> 0 | AF9: =IF(W9="",0,ROUND((((X9-W9)+1)/30),3)) -> 0 | AG9: =IF(Y9="",0,ROUND((((Z9-Y9)+1)/30),3)) -> 0 | AH9: =IF(AA9="",0,ROUND((((AB9-AA9)+1)/30),3)) -> 0
A10: 5 | B10: =IF($A10="","",VLOOKUP($A10,Cierre!$A:$E,2,FALSE)) -> JEMAG INGENIERÍA SAS | C10: LUZ MARY CASTAÑO GONZALEZ | D10: ALCALDIA DE MANZANARES | E10: LP 003-2019 | F10: I | G10: 1 | H10: 43750 | I10: 43882 | J10: =AC10+AD10+AE10+AF10+AG10+AH10 -> 0 | K10: =IF(H10="",0,ROUND(((((I10-H10)+1)/360)*12)-J10,3)) -> 4.433 | L10: 1288761437 | M10: =ROUND(L10*G10,3) -> 1288761437 | N10: =IF(I10="","",ROUND(M10/VLOOKUP(YEAR(I10),SMMLV!$A$2:$B$42,2,FALSE),3)) -> 1468.167 | O10: =IFERROR(N10/Información!$B$20,"") -> 4.6842001 | AC10: =IF(Q10="",0,ROUND((((R10-Q10)+1)/30),3)) -> 0 | AD10: =IF(S10="",0,ROUND((((T10-S10)+1)/30),3)) -> 0 | AE10: =IF(U10="",0,ROUND((((V10-U10)+1)/30),3)) -> 0 | AF10: =IF(W10="",0,ROUND((((X10-W10)+1)/30),3)) -> 0 | AG10: =IF(Y10="",0,ROUND((((Z10-Y10)+1)/30),3)) -> 0 | AH10: =IF(AA10="",0,ROUND((((AB10-AA10)+1)/30),3)) -> 0
A11: 6 | B11: =IF($A11="","",VLOOKUP($A11,Cierre!$A:$E,2,FALSE)) -> HERNAN ROPERO ALZATE | C11: HERNAN ROPERO ALZATE | D11: AGUAS DE MANIZALES | E11: 2005-0017 | F11: I | G11: 1 | H11: 38721 | I11: 38779 | J11: =AC11+AD11+AE11+AF11+AG11+AH11 -> 0 | K11: =IF(H11="",0,ROUND(((((I11-H11)+1)/360)*12)-J11,3)) -> 1.967 | L11: 399566659 | M11: =ROUND(L11*G11,3) -> 399566659 | N11: =IF(I11="","",ROUND(M11/VLOOKUP(YEAR(I11),SMMLV!$A$2:$B$42,2,FALSE),3)) -> 979.33 | O11: =IFERROR(N11/Información!$B$20,"") -> 3.1245612 | AC11: =IF(Q11="",0,ROUND((((R11-Q11)+1)/30),3)) -> 0 | AD11: =IF(S11="",0,ROUND((((T11-S11)+1)/30),3)) -> 0 | AE11: =IF(U11="",0,ROUND((((V11-U11)+1)/30),3)) -> 0 | AF11: =IF(W11="",0,ROUND((((X11-W11)+1)/30),3)) -> 0 | AG11: =IF(Y11="",0,ROUND((((Z11-Y11)+1)/30),3)) -> 0 | AH11: =IF(AA11="",0,ROUND((((AB11-AA11)+1)/30),3)) -> 0
A12: 6 | B12: =IF($A12="","",VLOOKUP($A12,Cierre!$A:$E,2,FALSE)) -> HERNAN ROPERO ALZATE | C12: HERNAN ROPERO ALZATE | D12: GOBERNACION DE CALDAS | E12: 05122018-1328 | F12: I | G12: 1 | H12: 43423 | I12: 43480 | J12: =AC12+AD12+AE12+AF12+AG12+AH12 -> 0 | K12: =IF(H12="",0,ROUND(((((I12-H12)+1)/360)*12)-J12,3)) -> 1.933 | L12: 111291552 | M12: =ROUND(L12*G12,3) -> 111291552 | N12: =IF(I12="","",ROUND(M12/VLOOKUP(YEAR(I12),SMMLV!$A$2:$B$42,2,FALSE),3)) -> 134.391 | O12: =IFERROR(N12/Información!$B$20,"") -> 0.4287757 | AC12: =IF(Q12="",0,ROUND((((R12-Q12)+1)/30),3)) -> 0 | AD12: =IF(S12="",0,ROUND((((T12-S12)+1)/30),3)) -> 0 | AE12: =IF(U12="",0,ROUND((((V12-U12)+1)/30),3)) -> 0 | AF12: =IF(W12="",0,ROUND((((X12-W12)+1)/30),3)) -> 0 | AG12: =IF(Y12="",0,ROUND((((Z12-Y12)+1)/30),3)) -> 0 | AH12: =IF(AA12="",0,ROUND((((AB12-AA12)+1)/30),3)) -> 0
A13: 7 | B13: =IF($A13="","",VLOOKUP($A13,Cierre!$A:$E,2,FALSE)) -> ANDREA ISABEL CAMELO VASQUEZ | C13: ANDREA ISABEL CAMELO VASQUEZ | D13: MUNICIPIO DE MANIZALES | E13: 1904290377 | F13: I | G13: 1 | H13: 43623 | I13: 43684 | J13: =AC13+AD13+AE13+AF13+AG13+AH13 -> 0 | K13: =IF(H13="",0,ROUND(((((I13-H13)+1)/360)*12)-J13,3)) -> 2.067 | L13: =524781454+13426554 -> 538208008 | M13: =ROUND(L13*G13,3) -> 538208008 | N13: =IF(I13="","",ROUND(M13/VLOOKUP(YEAR(I13),SMMLV!$A$2:$B$42,2,FALSE),3)) -> 649.919 | O13: =IFERROR(N13/Información!$B$20,"") -> 2.0735724 | AC13: =IF(Q13="",0,ROUND((((R13-Q13)+1)/30),3)) -> 0 | AD13: =IF(S13="",0,ROUND((((T13-S13)+1)/30),3)) -> 0 | AE13: =IF(U13="",0,ROUND((((V13-U13)+1)/30),3)) -> 0 | AF13: =IF(W13="",0,ROUND((((X13-W13)+1)/30),3)) -> 0 | AG13: =IF(Y13="",0,ROUND((((Z13-Y13)+1)/30),3)) -> 0 | AH13: =IF(AA13="",0,ROUND((((AB13-AA13)+1)/30),3)) -> 0
B14: =IF($A14="","",VLOOKUP($A14,Cierre!$A:$E,2,FALSE)) | J14: =AC14+AD14+AE14+AF14+AG14+AH14 -> 0 | K14: =IF(H14="",0,ROUND(((((I14-H14)+1)/360)*12)-J14,3)) -> 0 | M14: =ROUND(L14*G14,3) -> 0 | N14: =IF(I14="","",ROUND(M14/VLOOKUP(YEAR(I14),SMMLV!$A$2:$B$42,2,FALSE),3)) | O14: =IFERROR(N14/Información!$B$20,"") | AC14: =IF(Q14="",0,ROUND((((R14-Q14)+1)/30),3)) -> 0 | AD14: =IF(S14="",0,ROUND((((T14-S14)+1)/30),3)) -> 0 | AE14: =IF(U14="",0,ROUND((((V14-U14)+1)/30),3)) -> 0 | AF14: =IF(W14="",0,ROUND((((X14-W14)+1)/30),3)) -> 0 | AG14: =IF(Y14="",0,ROUND((((Z14-Y14)+1)/30),3)) -> 0 | AH14: =IF(AA14="",0,ROUND((((AB14-AA14)+1)/30),3)) -> 0
B15: =IF($A15="","",VLOOKUP($A15,Cierre!$A:$E,2,FALSE)) | J15: =AC15+AD15+AE15+AF15+AG15+AH15 -> 0 | K15: =IF(H15="",0,ROUND(((((I15-H15)+1)/360)*12)-J15,3)) -> 0 | M15: =ROUND(L15*G15,3) -> 0 | N15: =IF(I15="","",ROUND(M15/VLOOKUP(YEAR(I15),SMMLV!$A$2:$B$42,2,FALSE),3)) | O15: =IFERROR(N15/Información!$B$20,"") | AC15: =IF(Q15="",0,ROUND((((R15-Q15)+1)/30),3)) -> 0 | AD15: =IF(S15="",0,ROUND((((T15-S15)+1)/30),3)) -> 0 | AE15: =IF(U15="",0,ROUND((((V15-U15)+1)/30),3)) -> 0 | AF15: =IF(W15="",0,ROUND((((X15-W15)+1)/30),3)) -> 0 | AG15: =IF(Y15="",0,ROUND((((Z15-Y15)+1)/30),3)) -> 0 | AH15: =IF(AA15="",0,ROUND((((AB15-AA15)+1)/30),3)) -> 0
B16: =IF($A16="","",VLOOKUP($A16,Cierre!$A:$E,2,FALSE)) | J16: =AC16+AD16+AE16+AF16+AG16+AH16 -> 0 | K16: =IF(H16="",0,ROUND(((((I16-H16)+1)/360)*12)-J16,3)) -> 0 | M16: =ROUND(L16*G16,3) -> 0 | N16: =IF(I16="","",ROUND(M16/VLOOKUP(YEAR(I16),SMMLV!$A$2:$B$42,2,FALSE),3)) | O16: =IFERROR(N16/Información!$B$20,"") | AC16: =IF(Q16="",0,ROUND((((R16-Q16)+1)/30),3)) -> 0 | AD16: =IF(S16="",0,ROUND((((T16-S16)+1)/30),3)) -> 0 | AE16: =IF(U16="",0,ROUND((((V16-U16)+1)/30),3)) -> 0 | AF16: =IF(W16="",0,ROUND((((X16-W16)+1)/30),3)) -> 0 | AG16: =IF(Y16="",0,ROUND((((Z16-Y16)+1)/30),3)) -> 0 | AH16: =IF(AA16="",0,ROUND((((AB16-AA16)+1)/30),3)) -> 0
B17: =IF($A17="","",VLOOKUP($A17,Cierre!$A:$E,2,FALSE)) | J17: =AC17+AD17+AE17+AF17+AG17+AH17 -> 0 | K17: =IF(H17="",0,ROUND(((((I17-H17)+1)/360)*12)-J17,3)) -> 0 | M17: =ROUND(L17*G17,3) -> 0 | N17: =IF(I17="","",ROUND(M17/VLOOKUP(YEAR(I17),SMMLV!$A$2:$B$42,2,FALSE),3)) | O17: =IFERROR(N17/Información!$B$20,"") | AC17: =IF(Q17="",0,ROUND((((R17-Q17)+1)/30),3)) -> 0 | AD17: =IF(S17="",0,ROUND((((T17-S17)+1)/30),3)) -> 0 | AE17: =IF(U17="",0,ROUND((((V17-U17)+1)/30),3)) -> 0 | AF17: =IF(W17="",0,ROUND((((X17-W17)+1)/30),3)) -> 0 | AG17: =IF(Y17="",0,ROUND((((Z17-Y17)+1)/30),3)) -> 0 | AH17: =IF(AA17="",0,ROUND((((AB17-AA17)+1)/30),3)) -> 0
B18: =IF($A18="","",VLOOKUP($A18,Cierre!$A:$E,2,FALSE)) | J18: =AC18+AD18+AE18+AF18+AG18+AH18 -> 0 | K18: =IF(H18="",0,ROUND(((((I18-H18)+1)/360)*12)-J18,3)) -> 0 | M18: =ROUND(L18*G18,3) -> 0 | N18: =IF(I18="","",ROUND(M18/VLOOKUP(YEAR(I18),SMMLV!$A$2:$B$42,2,FALSE),3)) | O18: =IFERROR(N18/Información!$B$20,"") | AC18: =IF(Q18="",0,ROUND((((R18-Q18)+1)/30),3)) -> 0 | AD18: =IF(S18="",0,ROUND((((T18-S18)+1)/30),3)) -> 0 | AE18: =IF(U18="",0,ROUND((((V18-U18)+1)/30),3)) -> 0 | AF18: =IF(W18="",0,ROUND((((X18-W18)+1)/30),3)) -> 0 | AG18: =IF(Y18="",0,ROUND((((Z18-Y18)+1)/30),3)) -> 0 | AH18: =IF(AA18="",0,ROUND((((AB18-AA18)+1)/30),3)) -> 0
B19: =IF($A19="","",VLOOKUP($A19,Cierre!$A:$E,2,FALSE)) | J19: =AC19+AD19+AE19+AF19+AG19+AH19 -> 0 | K19: =IF(H19="",0,ROUND(((((I19-H19)+1)/360)*12)-J19,3)) -> 0 | M19: =ROUND(L19*G19,3) -> 0 | N19: =IF(I19="","",ROUND(M19/VLOOKUP(YEAR(I19),SMMLV!$A$2:$B$42,2,FALSE),3)) | O19: =IFERROR(N19/Información!$B$20,"") | AC19: =IF(Q19="",0,ROUND((((R19-Q19)+1)/30),3)) -> 0 | AD19: =IF(S19="",0,ROUND((((T19-S19)+1)/30),3)) -> 0 | AE19: =IF(U19="",0,ROUND((((V19-U19)+1)/30),3)) -> 0 | AF19: =IF(W19="",0,ROUND((((X19-W19)+1)/30),3)) -> 0 | AG19: =IF(Y19="",0,ROUND((((Z19-Y19)+1)/30),3)) -> 0 | AH19: =IF(AA19="",0,ROUND((((AB19-AA19)+1)/30),3)) -> 0
B20: =IF($A20="","",VLOOKUP($A20,Cierre!$A:$E,2,FALSE)) | J20: =AC20+AD20+AE20+AF20+AG20+AH20 -> 0 | K20: =IF(H20="",0,ROUND(((((I20-H20)+1)/360)*12)-J20,3)) -> 0 | M20: =ROUND(L20*G20,3) -> 0 | N20: =IF(I20="","",ROUND(M20/VLOOKUP(YEAR(I20),SMMLV!$A$2:$B$42,2,FALSE),3)) | O20: =IFERROR(N20/Información!$B$20,"") | AC20: =IF(Q20="",0,ROUND((((R20-Q20)+1)/30),3)) -> 0 | AD20: =IF(S20="",0,ROUND((((T20-S20)+1)/30),3)) -> 0 | AE20: =IF(U20="",0,ROUND((((V20-U20)+1)/30),3)) -> 0 | AF20: =IF(W20="",0,ROUND((((X20-W20)+1)/30),3)) -> 0 | AG20: =IF(Y20="",0,ROUND((((Z20-Y20)+1)/30),3)) -> 0 | AH20: =IF(AA20="",0,ROUND((((AB20-AA20)+1)/30),3)) -> 0
B21: =IF($A21="","",VLOOKUP($A21,Cierre!$A:$E,2,FALSE)) | J21: =AC21+AD21+AE21+AF21+AG21+AH21 -> 0 | K21: =IF(H21="",0,ROUND(((((I21-H21)+1)/360)*12)-J21,3)) -> 0 | M21: =ROUND(L21*G21,3) -> 0 | N21: =IF(I21="","",ROUND(M21/VLOOKUP(YEAR(I21),SMMLV!$A$2:$B$42,2,FALSE),3)) | O21: =IFERROR(N21/Información!$B$20,"") | AC21: =IF(Q21="",0,ROUND((((R21-Q21)+1)/30),3)) -> 0 | AD21: =IF(S21="",0,ROUND((((T21-S21)+1)/30),3)) -> 0 | AE21: =IF(U21="",0,ROUND((((V21-U21)+1)/30),3)) -> 0 | AF21: =IF(W21="",0,ROUND((((X21-W21)+1)/30),3)) -> 0 | AG21: =IF(Y21="",0,ROUND((((Z21-Y21)+1)/30),3)) -> 0 | AH21: =IF(AA21="",0,ROUND((((AB21-AA21)+1)/30),3)) -> 0
B22: =IF($A22="","",VLOOKUP($A22,Cierre!$A:$E,2,FALSE)) | J22: =AC22+AD22+AE22+AF22+AG22+AH22 -> 0 | K22: =IF(H22="",0,ROUND(((((I22-H22)+1)/360)*12)-J22,3)) -> 0 | M22: =ROUND(L22*G22,3) -> 0 | N22: =IF(I22="","",ROUND(M22/VLOOKUP(YEAR(I22),SMMLV!$A$2:$B$42,2,FALSE),3)) | O22: =IFERROR(N22/Información!$B$20,"") | AC22: =IF(Q22="",0,ROUND((((R22-Q22)+1)/30),3)) -> 0 | AD22: =IF(S22="",0,ROUND((((T22-S22)+1)/30),3)) -> 0 | AE22: =IF(U22="",0,ROUND((((V22-U22)+1)/30),3)) -> 0 | AF22: =IF(W22="",0,ROUND((((X22-W22)+1)/30),3)) -> 0 | AG22: =IF(Y22="",0,ROUND((((Z22-Y22)+1)/30),3)) -> 0 | AH22: =IF(AA22="",0,ROUND((((AB22-AA22)+1)/30),3)) -> 0
B23: =IF($A23="","",VLOOKUP($A23,Cierre!$A:$E,2,FALSE)) | J23: =AC23+AD23+AE23+AF23+AG23+AH23 -> 0 | K23: =IF(H23="",0,ROUND(((((I23-H23)+1)/360)*12)-J23,3)) -> 0 | M23: =ROUND(L23*G23,3) -> 0 | N23: =IF(I23="","",ROUND(M23/VLOOKUP(YEAR(I23),SMMLV!$A$2:$B$42,2,FALSE),3)) | O23: =IFERROR(N23/Información!$B$20,"") | AC23: =IF(Q23="",0,ROUND((((R23-Q23)+1)/30),3)) -> 0 | AD23: =IF(S23="",0,ROUND((((T23-S23)+1)/30),3)) -> 0 | AE23: =IF(U23="",0,ROUND((((V23-U23)+1)/30),3)) -> 0 | AF23: =IF(W23="",0,ROUND((((X23-W23)+1)/30),3)) -> 0 | AG23: =IF(Y23="",0,ROUND((((Z23-Y23)+1)/30),3)) -> 0 | AH23: =IF(AA23="",0,ROUND((((AB23-AA23)+1)/30),3)) -> 0
B24: =IF($A24="","",VLOOKUP($A24,Cierre!$A:$E,2,FALSE)) | J24: =AC24+AD24+AE24+AF24+AG24+AH24 -> 0 | K24: =IF(H24="",0,ROUND(((((I24-H24)+1)/360)*12)-J24,3)) -> 0 | M24: =ROUND(L24*G24,3) -> 0 | N24: =IF(I24="","",ROUND(M24/VLOOKUP(YEAR(I24),SMMLV!$A$2:$B$42,2,FALSE),3)) | O24: =IFERROR(N24/Información!$B$20,"") | AC24: =IF(Q24="",0,ROUND((((R24-Q24)+1)/30),3)) -> 0 | AD24: =IF(S24="",0,ROUND((((T24-S24)+1)/30),3)) -> 0 | AE24: =IF(U24="",0,ROUND((((V24-U24)+1)/30),3)) -> 0 | AF24: =IF(W24="",0,ROUND((((X24-W24)+1)/30),3)) -> 0 | AG24: =IF(Y24="",0,ROUND((((Z24-Y24)+1)/30),3)) -> 0 | AH24: =IF(AA24="",0,ROUND((((AB24-AA24)+1)/30),3)) -> 0
B25: =IF($A25="","",VLOOKUP($A25,Cierre!$A:$E,2,FALSE)) | J25: =AC25+AD25+AE25+AF25+AG25+AH25 -> 0 | K25: =IF(H25="",0,ROUND(((((I25-H25)+1)/360)*12)-J25,3)) -> 0 | M25: =ROUND(L25*G25,3) -> 0 | N25: =IF(I25="","",ROUND(M25/VLOOKUP(YEAR(I25),SMMLV!$A$2:$B$42,2,FALSE),3)) | O25: =IFERROR(N25/Información!$B$20,"") | AC25: =IF(Q25="",0,ROUND((((R25-Q25)+1)/30),3)) -> 0 | AD25: =IF(S25="",0,ROUND((((T25-S25)+1)/30),3)) -> 0 | AE25: =IF(U25="",0,ROUND((((V25-U25)+1)/30),3)) -> 0 | AF25: =IF(W25="",0,ROUND((((X25-W25)+1)/30),3)) -> 0 | AG25: =IF(Y25="",0,ROUND((((Z25-Y25)+1)/30),3)) -> 0 | AH25: =IF(AA25="",0,ROUND((((AB25-AA25)+1)/30),3)) -> 0
... B300: =IF($A300="","",VLOOKUP($A300,Cierre!$A:$E,2,FALSE)) | J300: =AC300+AD300+AE300+AF300+AG300+AH300 -> 0 | K300: =IF(H300="",0,ROUND(((((I300-H300)+1)/360)*12)-J300,3)) -> 0 | M300: =ROUND(L300*G300,3) -> 0 | N300: =IF(I300="","",ROUND(M300/VLOOKUP(YEAR(I300),SMMLV!$A$2:$B$42,2,FALSE),3)) | O300: =IFERROR(N300/Información!$B$20,"") | AC300: =IF(Q300="",0,ROUND((((R300-Q300)+1)/30),3)) -> 0 | AD300: =IF(S300="",0,ROUND((((T300-S300)+1)/30),3)) -> 0 | AE300: =IF(U300="",0,ROUND((((V300-U300)+1)/30),3)) -> 0 | AF300: =IF(W300="",0,ROUND((((X300-W300)+1)/30),3)) -> 0 | AG300: =IF(Y300="",0,ROUND((((Z300-Y300)+1)/30),3)) -> 0 | AH300: =IF(AA300="",0,ROUND((((AB300-AA300)+1)/30),3)) -> 0

Sheet Resumen Calificación
A1: No. | B1: Proponente | C1: CALIFICACIÓN JURIDICA | D1: CALIFICACIÓN FINANCIERA | E1: CALIFICACIÓN ORGANIZACIONAL | F1: CAPACIDAD RESIDUAL DE CONTRATACIÓN | G1: CALIFICACIÓN TÉCNICA (EXPERIENCIA GENERAL) | H1: CALIFICACIÓN TÉCNICA (EXPERIENCIA ESPECÍFICA) | I1: FACTORES DE COMPARACIÓN DE LAS PROPUESTAS | K1: OBSERVACIONES TECNICAS (REVISAR LAS OBSERVACIONES DE CADA PESTAÑA)
I2: Promoción a la industria nacional (10%) | J2: Factor de Calidad (20%)
A3: 1 | B3: =VLOOKUP($A3,Cierre!$A:$E,2,FALSE) -> JAVIER DE JESUS GARCÍA PAREJA | C3: =VLOOKUP($A3,'Capacidad Juridica'!$A:$AQ,42,FALSE) -> HÁBIL | D3: =VLOOKUP($A3,'Capacidad Financiera'!$A:$U,18,FALSE) -> HÁBIL | E3: =VLOOKUP($A3,'Capacidad Financiera'!$A:$U,19,FALSE) -> HÁBIL | F3: =VLOOKUP($A3,'Capacidad Financiera'!$A:$U,20,FALSE) -> HÁBIL | G3: =IF(COUNTIF(Experiencia!$N:$N,A3)<2,IF(SUMIF(Experiencia!$A:$A,A3,Experiencia!$N:$N)>Información!$B$20*0.75,"HÁBIL","NO HÁBIL"),IF(OR(COUNTIF(Experiencia!$N:$N,A3)=3,COUNTIF(Experiencia!$N:$N,A3)=4)=TRUE,IF(SUMIF(Experiencia!$A:$A,A3,Experiencia!$N:$N)>Información!$B$20*1.2,"HÁBIL","NO HÁBIL"),IF(SUMIF(Experiencia!$A:$A,A3,Experiencia!$N:$N)>Información!$B$20*1.5,"HÁBIL","NO HÁBIL"))) -> HÁBIL | H3: =IF(_xlfn.MAXIFS(Experiencia!$O:$O,Experiencia!$A:$A,$A3)<0.5,"NO HÁBIL","HÁBIL") -> HÁBIL | I3: 0.1 | J3: 0.2
A4: 2 | B4: =VLOOKUP($A4,Cierre!$A:$E,2,FALSE) -> MAURICIO ANTONIO CORTES REINA | C4: =VLOOKUP($A4,'Capacidad Juridica'!$A:$AQ,42,FALSE) -> NO HÁBIL | D4: =VLOOKUP($A4,'Capacidad Financiera'!$A:$U,18,FALSE) -> HÁBIL | E4: =VLOOKUP($A4,'Capacidad Financiera'!$A:$U,19,FALSE) -> HÁBIL | F4: =VLOOKUP($A4,'Capacidad Financiera'!$A:$U,20,FALSE) -> HÁBIL | G4: =IF(COUNTIF(Experiencia!$N:$N,A4)<2,IF(SUMIF(Experiencia!$A:$A,A4,Experiencia!$N:$N)>Información!$B$20*0.75,"HÁBIL","NO HÁBIL"),IF(OR(COUNTIF(Experiencia!$N:$N,A4)=3,COUNTIF(Experiencia!$N:$N,A4)=4)=TRUE,IF(SUMIF(Experiencia!$A:$A,A4,Experiencia!$N:$N)>Información!$B$20*1.2,"HÁBIL","NO HÁBIL"),IF(SUMIF(Experiencia!$A:$A,A4,Experiencia!$N:$N)>Información!$B$20*1.5,"HÁBIL","NO HÁBIL"))) -> HÁBIL | H4: =IF(_xlfn.MAXIFS(Experiencia!$O:$O,Experiencia!$A:$A,$A4)<0.5,"NO HÁBIL","HÁBIL") -> HÁBIL | I4: 0.1 | J4: 0.2
A5: 3 | B5: =VLOOKUP($A5,Cierre!$A:$E,2,FALSE) -> GERMAN GÓMEZ GONZÁLEZ | C5: =VLOOKUP($A5,'Capacidad Juridica'!$A:$AQ,42,FALSE) -> HÁBIL | D5: =VLOOKUP($A5,'Capacidad Financiera'!$A:$U,18,FALSE) -> HÁBIL | E5: =VLOOKUP($A5,'Capacidad Financiera'!$A:$U,19,FALSE) -> HÁBIL | F5: =VLOOKUP($A5,'Capacidad Financiera'!$A:$U,20,FALSE) -> HÁBIL | G5: =IF(COUNTIF(Experiencia!$N:$N,A5)<2,IF(SUMIF(Experiencia!$A:$A,A5,Experiencia!$N:$N)>Información!$B$20*0.75,"HÁBIL","NO HÁBIL"),IF(OR(COUNTIF(Experiencia!$N:$N,A5)=3,COUNTIF(Experiencia!$N:$N,A5)=4)=TRUE,IF(SUMIF(Experiencia!$A:$A,A5,Experiencia!$N:$N)>Información!$B$20*1.2,"HÁBIL","NO HÁBIL"),IF(SUMIF(Experiencia!$A:$A,A5,Experiencia!$N:$N)>Información!$B$20*1.5,"HÁBIL","NO HÁBIL"))) -> HÁBIL | H5: =IF(_xlfn.MAXIFS(Experiencia!$O:$O,Experiencia!$A:$A,$A5)<0.5,"NO HÁBIL","HÁBIL") -> HÁBIL | I5: 0.1 | J5: 0.2
A6: 4 | B6: =VLOOKUP($A6,Cierre!$A:$E,2,FALSE) -> MARIA RUBY GALVEZ MUÑOZ | C6: =VLOOKUP($A6,'Capacidad Juridica'!$A:$AQ,42,FALSE) -> HÁBIL | D6: =VLOOKUP($A6,'Capacidad Financiera'!$A:$U,18,FALSE) -> HÁBIL | E6: =VLOOKUP($A6,'Capacidad Financiera'!$A:$U,19,FALSE) -> HÁBIL | F6: =VLOOKUP($A6,'Capacidad Financiera'!$A:$U,20,FALSE) -> HÁBIL | G6: =IF(COUNTIF(Experiencia!$N:$N,A6)<2,IF(SUMIF(Experiencia!$A:$A,A6,Experiencia!$N:$N)>Información!$B$20*0.75,"HÁBIL","NO HÁBIL"),IF(OR(COUNTIF(Experiencia!$N:$N,A6)=3,COUNTIF(Experiencia!$N:$N,A6)=4)=TRUE,IF(SUMIF(Experiencia!$A:$A,A6,Experiencia!$N:$N)>Información!$B$20*1.2,"HÁBIL","NO HÁBIL"),IF(SUMIF(Experiencia!$A:$A,A6,Experiencia!$N:$N)>Información!$B$20*1.5,"HÁBIL","NO HÁBIL"))) -> HÁBIL | H6: =IF(_xlfn.MAXIFS(Experiencia!$O:$O,Experiencia!$A:$A,$A6)<0.5,"NO HÁBIL","HÁBIL") -> HÁBIL | I6: 0.1 | J6: 0.2
A7: 5 | B7: =VLOOKUP($A7,Cierre!$A:$E,2,FALSE) -> JEMAG INGENIERÍA SAS | C7: =VLOOKUP($A7,'Capacidad Juridica'!$A:$AQ,42,FALSE) -> HÁBIL | D7: =VLOOKUP($A7,'Capacidad Financiera'!$A:$U,18,FALSE) -> HÁBIL | E7: =VLOOKUP($A7,'Capacidad Financiera'!$A:$U,19,FALSE) -> HÁBIL | F7: =VLOOKUP($A7,'Capacidad Financiera'!$A:$U,20,FALSE) -> HÁBIL | G7: =IF(COUNTIF(Experiencia!$N:$N,A7)<2,IF(SUMIF(Experiencia!$A:$A,A7,Experiencia!$N:$N)>Información!$B$20*0.75,"HÁBIL","NO HÁBIL"),IF(OR(COUNTIF(Experiencia!$N:$N,A7)=3,COUNTIF(Experiencia!$N:$N,A7)=4)=TRUE,IF(SUMIF(Experiencia!$A:$A,A7,Experiencia!$N:$N)>Información!$B$20*1.2,"HÁBIL","NO HÁBIL"),IF(SUMIF(Experiencia!$A:$A,A7,Experiencia!$N:$N)>Información!$B$20*1.5,"HÁBIL","NO HÁBIL"))) -> HÁBIL | H7: =IF(_xlfn.MAXIFS(Experiencia!$O:$O,Experiencia!$A:$A,$A7)<0.5,"NO HÁBIL","HÁBIL") -> HÁBIL | I7: 0.1 | J7: 0.2
A8: 6 | B8: =VLOOKUP($A8,Cierre!$A:$E,2,FALSE) -> HERNAN ROPERO ALZATE | C8: =VLOOKUP($A8,'Capacidad Juridica'!$A:$AQ,42,FALSE) -> HÁBIL | D8: =VLOOKUP($A8,'Capacidad Financiera'!$A:$U,18,FALSE) -> HÁBIL | E8: =VLOOKUP($A8,'Capacidad Financiera'!$A:$U,19,FALSE) -> HÁBIL | F8: =VLOOKUP($A8,'Capacidad Financiera'!$A:$U,20,FALSE) -> HÁBIL | G8: =IF(COUNTIF(Experiencia!$N:$N,A8)<2,IF(SUMIF(Experiencia!$A:$A,A8,Experiencia!$N:$N)>Información!$B$20*0.75,"HÁBIL","NO HÁBIL"),IF(OR(COUNTIF(Experiencia!$N:$N,A8)=3,COUNTIF(Experiencia!$N:$N,A8)=4)=TRUE,IF(SUMIF(Experiencia!$A:$A,A8,Experiencia!$N:$N)>Información!$B$20*1.2,"HÁBIL","NO HÁBIL"),IF(SUMIF(Experiencia!$A:$A,A8,Experiencia!$N:$N)>Información!$B$20*1.5,"HÁBIL","NO HÁBIL"))) -> HÁBIL | H8: =IF(_xlfn.MAXIFS(Experiencia!$O:$O,Experiencia!$A:$A,$A8)<0.5,"NO HÁBIL","HÁBIL") -> HÁBIL | I8: 0.1 | J8: 0.2
A9: 7 | B9: =VLOOKUP($A9,Cierre!$A:$E,2,FALSE) -> ANDREA ISABEL CAMELO VASQUEZ | C9: =VLOOKUP($A9,'Capacidad Juridica'!$A:$AQ,42,FALSE) -> HÁBIL | D9: =VLOOKUP($A9,'Capacidad Financiera'!$A:$U,18,FALSE) -> HÁBIL | E9: =VLOOKUP($A9,'Capacidad Financiera'!$A:$U,19,FALSE) -> HÁBIL | F9: =VLOOKUP($A9,'Capacidad Financiera'!$A:$U,20,FALSE) -> HÁBIL | G9: =IF(COUNTIF(Experiencia!$N:$N,A9)<2,IF(SUMIF(Experiencia!$A:$A,A9,Experiencia!$N:$N)>Información!$B$20*0.75,"HÁBIL","NO HÁBIL"),IF(OR(COUNTIF(Experiencia!$N:$N,A9)=3,COUNTIF(Experiencia!$N:$N,A9)=4)=TRUE,IF(SUMIF(Experiencia!$A:$A,A9,Experiencia!$N:$N)>Información!$B$20*1.2,"HÁBIL","NO HÁBIL"),IF(SUMIF(Experiencia!$A:$A,A9,Experiencia!$N:$N)>Información!$B$20*1.5,"HÁBIL","NO HÁBIL"))) -> HÁBIL | H9: =IF(_xlfn.MAXIFS(Experiencia!$O:$O,Experiencia!$A:$A,$A9)<0.5,"NO HÁBIL","HÁBIL") -> HÁBIL | I9: 0.1 | J9: 0.2

Sheet SMMLV
A1: PERÍODO | B1: MONTO MENSUAL
A2: 1980 | B2: 4500
A3: 1981 | B3: 5700
A4: 1982 | B4: 7410
A5: 1983 | B5: 9261
A6: 1984 | B6: 11298
A7: 1985 | B7: 13558
A8: 1986 | B8: 16811
A9: 1987 | B9: 20510
A10: 1988 | B10: 25637
A11: 1989 | B11: 32560
A12: 1990 | B12: 41025
A13: 1991 | B13: 51716
... A42: 2020 | B42: 877803
A44: SI
A45: NO
A46: N/A
A47: PRESENTA
A48: NO PRESENTA
A49: N/A
A51: C
A52: UT
A53: I
A55: CUMPLE
A56: NO CUMPLE
A57: N/A
... A63: SUBSANAR
A65: MÓDULO 1 | B65: 3314990175
A66: MÓDULO 2 | B66: 3207744463
A67: MÓDULO 3 | B67: 3080386022
A68: MÓDULO 4 | B68: 2958611242
A69: MÓDULO 5 | B69: 2953228496
A70: MÓDULO 6 | B70: 2942059845
A71: MÓDULO 7 | B71: 2900218273
A72: MÓDULO 8 | B72: 1242304726
